 Seeded DCSS version 0.30.0-29-ga12c61a403 (webtiles) character file.

Game seed: 5220279014425203918 (custom seed)

551 valliere the Sneak (level 7, -2/45 HPs)
             Began as an Octopode Air Elementalist on June 23, 2023.
             Slain by a gnoll bouda
             ... wielding a +0 short sword
              (13 damage)
             ... on level 4 of the Dungeon.
             The game lasted 00:10:19 (4018 turns).

valliere the Sneak (Octopode Air Elementalist)      Turns: 4018, Time: 00:10:20

Health: -2/45      AC:  1    Str:  8    XL:     7   Next: 29%
Magic:  18/21      EV: 14    Int: 19    God:
Gold:   107        SH:  0    Dex: 12    Spells: 11/12 levels left

rFire   . . .        h - +1 dagger (venom)
rCold   . . .        (no shield)
rNeg    . . .        (helmet restricted)
rPois   .            (no amulet)
rElec   .            i - ring of magical power
rCorr   .            (no ring)
SInv    .            (no ring)
Will    .....        (no ring)
Stlth   ++++         (no ring)
HPRegen 0.27/turn    (no ring)
MPRegen 0.17/turn    (no ring)
                     (no ring)

%: no passive effects
@: weakened
A: almost no armour, amphibious, 8 rings, camouflage 1, gelatinous body 1,
(nimble swimmer 1), tentacles
a: no special abilities


You were on level 4 of the Dungeon.
You visited 1 branch of the dungeon, and saw 4 of its levels.

You collected 107 gold pieces.

Inventory:

Hand Weapons
 h - a +1 dagger of venom (weapon)
Jewellery
 i - a ring of magical power (left tentacle)
Scrolls
 c - a scroll of noise {unknown}
 d - a scroll of vulnerability {unknown}
 g - a scroll of fear {unknown}
 l - a scroll of brand weapon
 n - a scroll of butterflies {unknown}
Potions
 a - 2 potions of magic
 b - a potion of heal wounds
 e - 2 potions of haste {unknown}
 f - 2 potions of brilliance {unknown}
 m - a potion of degeneration {unknown}
 o - a potion of lignification {unknown}


   Skills:
 + Level 2.2 Fighting
 + Level 3.6 Dodging
 + Level 5.1 Stealth
 + Level 3.4 Spellcasting
 + Level 3.2 Conjurations
 + Level 4.3 Air Magic


You had 11 spell levels left.
You knew the following spells:

 Your Spells              Type           Power      Damage    Failure   Level
a - Shock                 Conj/Air       68%        1d7       3%          1

Your spell library contained the following spells:

 Spells                   Type           Power      Damage    Failure   Level
 Static Discharge         Conj/Air       34%        2-4/arc   4%          2
 Swiftness                Air            19%        N/A       8%          3
 Summon Small Mammal      Summ           12%        N/A       14%         1
 Dazzling Flash           Conj/Hex       18%        N/A       22%         3
 Airstrike                Air            9%         2d(2-18)  24%         4
 Call Canine Familiar     Summ           3%         N/A       41%         3
 Summon Guardian Golem    Hex/Summ       3%         N/A       41%         3
 Silence                  Hex/Air        5%         N/A       86%         5
 Agony                    Necr           3%         N/A       99%         5
 Summon Forest            Summ/Tloc      1%         N/A       99%         5
 Eringya's Noxious Bog    Tmut/Pois      1%         N/A       100%        6
 Summon Hydra             Summ           1%         N/A       100%        7


Dungeon Overview and Level Annotations

Branches:
Dungeon (4/15)
 Temple: D:4-7

Altars:

Annotations:
D:4 1 runed translucent door, Crazy Yiuf, Ijyb


Innate Abilities, Weirdness & Mutations

You cannot wear most types of armour.
You are amphibious.
You can wear up to eight rings at the same time.
Your skin changes colour to match your surroundings (Stealth+).
Your rubbery body absorbs attacks. (AC +1, EV +1)
((You are camouflaged when in or above water. (Stealth+)))
You have tentacles for arms and can constrict up to eight enemies at once.


Message History

You squeeze the gnoll bouda, but do no damage.
The gnoll bouda is moderately wounded.
You constrict the gnoll bouda.
A gnoll comes into view. It is wielding a +0 halberd.
The gnoll hits you with a +0 whip!
The gnoll bouda hits you with a +0 short sword.
The gnoll hits you from afar with a +0 spear.
You release your grip on the gnoll bouda.
The gnoll bouda attacks as you move away!
The gnoll bouda hits you with a +0 short sword!
* * * LOW HITPOINT WARNING * * *
The gnoll completely misses you.
You feel much better.
The gnoll bouda hits you with a +0 short sword!
The gnoll hits you but does no damage.
Okay, then.
Casting: Shock (safe; 3% risk of failure)
Confirm with . or Enter, or press ? or * to list all spells.
Okay, then.
Okay, then.
Okay, then.
As you read the scroll labelled MOCAC PAACEIWK, it crumbles to dust.
It is a scroll of identify.
l - a scroll of brand weapon Your attacks no longer feel as feeble.
The gnoll hits you from afar with a +0 halberd!
The gnoll closely misses you.
The gnoll bouda gazes fiercely through you!
You feel your attacks grow feeble.
The gnoll bouda hits you with a +0 short sword.
The gnoll hits you from afar with a +0 spear!
* * * LOW HITPOINT WARNING * * *
As you read the scroll labelled KAIKOC NYMISCHE, it crumbles to dust.
It is a scroll of enchant weapon.
Your +0 dagger of venom glows red for a moment.
The gnoll closely misses you. The gnoll completely misses you.
The gnoll bouda gazes fiercely through you!
You feel as though you will be weak longer.
The gnoll bouda hits you with a +0 short sword!
You die...

.. ###.....###..##♣♣♣♣♣
....#...##..#.##..#..♣.♣♣
.......†..............♣..
......#.##..........♣♣♣♣
..#..##.###.†....#.♣♣ ♣
..#.............##♣♣
..........##.....#
........g.g......#
.......#@.g......#
.##...###g........ #..#
#....#.... ##.
...g.###... ##......# ..
#..####.. . .... ... .##
..# #.#


You could see Ijyb, a gnoll bouda (poisoned) and 3 gnolls.

Vanquished Creatures
  Sigmund (D:3)
  Eustachio (D:4)
  Edmund (D:4)
  A hound (D:4)
  Terence (D:3)
  2 adders
  A worm (D:3)
  3 dart slugs
  4 ball pythons
  4 bats
  6 endoplasms
  3 giant cockroaches
  6 hobgoblins
  A quokka (D:3)
  A frilled lizard (D:3)
  3 goblins
  11 kobolds
  5 rats
55 creatures vanquished.

Notes
Turn   | Place    | Note
-------+----------+-------------------------------------------
     0 | D:1      | valliere the Octopode Air Elementalist began the quest for
                  | the Orb.
     0 | D:1      | Reached XP level 1. HP: 11/11 MP: 3/3
   174 | D:1      | Reached XP level 2. HP: 17/17 MP: 3/5
   215 | D:1      | Reached skill level 3 in Stealth
   558 | D:1      | You fall into a shaft and drop 1 floor!
   775 | D:2      | Found a faded altar of an unknown god.
  1140 | D:1      | Reached XP level 3. HP: 21/21 MP: 1/6
  1706 | D:3      | Noticed Terence
  2450 | D:3      | Killed Terence
  2451 | D:3      | Reached XP level 4. HP: 27/27 MP: 0/7
  2999 | D:3      | Noticed Sigmund
  3014 | D:3      | Killed Sigmund
  3015 | D:3      | Reached skill level 1 in Fighting
  3015 | D:3      | Reached skill level 4 in Stealth
  3015 | D:3      | Reached XP level 5. HP: 26/33 MP: 1/9
  3015 | D:3      | Reached XP level 6. HP: 30/38 MP: 1/10
  3360 | D:4      | Noticed Edmund
  3471 | D:4      | Killed Edmund
  3660 | D:4      | Noticed Eustachio
  3711 | D:4      | Killed Eustachio
  3712 | D:4      | Reached skill level 5 in Stealth
  3712 | D:4      | Reached XP level 7. HP: 22/45 MP: 1/12
  3920 | D:4      | Found a runed translucent door.
  3921 | D:4      | Noticed Crazy Yiuf
  4012 | D:4      | Noticed Ijyb
  4018 | D:4      | Slain by a gnoll bouda

Illustrated notes

Levels and vault maps discovered:
D:1:      dpeg_arrival_rooms_c, layout_basic, serial_forest,
          infiniplex_forest_clump_small, infiniplex_forest_zigzag_1,
          infiniplex_forest_clump_diagonal, infiniplex_forest_clump_large,
          infiniplex_forest_fountain, infiniplex_forest_lined_corner,
          infiniplex_forest_end_double, infiniplex_forest_lined_4_way,
          chequers_garden
D:2:      layout_rooms, basic_ecumenical_altar
D:3:      layout_basic, uniq_sigmund, uniq_terence
D:4:      layout_cave_pools, grunt_decor_clamped, hex_tiny,
          uniq_crazy_yiuf_cottage, uniq_ijyb, uniq_eustachio, uniq_edmund

Skill      XL: |  1  2  3  4  5  6 |
---------------+-------------------+-----
Stealth        | 3 4 5 |  5.1
Fighting       | 1 2 |  2.2
Dodging        | 3 |  3.6
Spellcasting   | 3 |  3.4
Conjurations   | 2 3 |  3.2
Air Magic      | 4 |  4.3

Action                     |  1- 3 |  4- 6 |  7- 9 || total
---------------------------+-------+-------+-------++-------
  Melee: Dagger            |     4 |    22 |     3 ||    29
         Constrict         |     2 |     4 |     1 ||     7
         Tentacles         |       |    10 |     2 ||    12
         Punch             |       |     1 |       ||     1
   Cast: Shock             |   108 |    65 |    17 ||   190
    Use: Scroll            |       |       |     2 ||     2
         Potion            |       |       |     1 ||     1
   Stab: Sleeping          |       |     1 |       ||     1
 Armour: Skin              |       |       |     1 ||     1
  Dodge: Dodged            |     5 |    16 |     6 ||    27
